AoeStats
← Dougladhnn

Black Forest

509710000Analyzed
4v4 RM · 5d ago on Sep 27, 2026· 14m 17s· 8 players
Game mode
Random Map
Map size
Large (8 player)
Population
200
Speed
Normal
Resources
Standard
Victory
Conquest
Starting age
Dark Age
Ending age
Imperial Age
RankedLock teamsTeams togetherTeam positionsShared explorationLock speedFull tech treeHidden civsTurbo modeCheats
Victory
Defeat
🇨🇱 Saracens · Chile
779
+14
🇺🇸 Saxons · United States
766
+15
🇧🇷 Franks · Brazil
765
+15
🇧🇷 Aztecs · Brazil
722
+17
🇬🇧 Teutons · United Kingdom
765
-16
🇵🇰 Ethiopians · Pakistan
758
-16
🇪🇸 Khmer · Spain
748
-16
🇹🇼 Bohemians · Taiwan
694
-13
White Pride Worldwide
10:00 Feudal Age
10:06 Man-at-Arms
Dougladhnn
12:45 Feudal Age
cabezadevaca
3:04 Loom
12:18 Feudal Age
13:40 Wheelbarrow
12:59 Gold Mining
13:00 Double-Bit Axe
PilotExpert9105
0:31 Loom
15:00 Feudal Age
XxjesulizxX
0:29 Loom
12:20 Feudal Age
Cpt Wilbo
1:02 Loom
13:53 Feudal Age
Test
0:42 Loom
12:27 Feudal Age
komailvidz
0:32 Loom
Connection lost

Rejoining the realm…

Still unreachable

The connection could not be restored.

Session expired

The server has moved on; the page needs a fresh start.